 Dungeon Crawl Stone Soup version 0.26-a0-639-g72c4674329 (webtiles) character file.

Game seed: 18409679940342288443

42 PentaManta the Skirmisher (level 3, 0/30 HPs)
             Began as a Formicid Abyssal Knight on Sept 19, 2020.
             Was a Follower of Lugonu.
             Slain by a jackal (1 damage)
             ... on level 3 of the Dungeon.
             The game lasted 00:02:28 (1984 turns).

PentaManta the Skirmisher (Formicid Abyssal Knight) Turns: 1984, Time: 00:02:28

Health: 0/30       AC:  3    Str: 17    XL:     3   Next: 80%
Magic:  4/4        EV: 11    Int: 11    God:    Lugonu [*.....]
Gold:   23         SH:  0    Dex: 10    Spells: 2/2 levels left

rFire    . . .     SeeInvis +   a - +1 hand axe
rCold    . . .     Faith    .   (no shield)
rNeg     . . .     Spirit   .   b - +0 leather armour
rPois    .         Reflect  .   (helmet unavailable)
rElec    .         Harm     .   (no cloak)
rCorr    .         Rampage  .   (no gloves)
MR       .....                  (no boots)
Stlth    +.........             (no amulet)
HPRegen  0.10/turn              (no ring)
MPRegen  0.09/turn              (no ring)

@: no status effects
A: permanent stasis, dig shafts and tunnels, four strong arms, antennae 3
a: Dig, Shaft Self, Depart the Abyss, Renounce Religion


You were on level 3 of the Dungeon.
You worshipped Lugonu.
Lugonu was aware of your devotion.
You visited 1 branch of the dungeon, and saw 3 of its levels.
You visited the Abyss 1 time.

You collected 23 gold pieces.

Inventory:

Hand Weapons
 a - a +1 hand axe (weapon)
 d - a +0 war axe
Armour
 b - a +0 leather armour (worn)
Scrolls
 c - a scroll of noise {unknown}
 e - a scroll of identify {unknown}
 g - a scroll of immolation {unknown}
 h - a scroll of teleportation {unknown}
 i - a scroll of random uselessness {unknown}
 k - a scroll of amnesia {unknown}
 l - a scroll of magic mapping {unknown}


   Skills:
 - Level 3.7 Fighting
 + Level 3.2 Axes
 - Level 2.4 Armour
 - Level 1.0 Dodging
 - Level 2.2 Invocations


You had 2 spell levels left.
You didn't know any spells.
Your spell library was empty.

Dungeon Overview and Level Annotations

Branches:
Dungeon (3/15)

Altars:


Innate Abilities, Weirdness & Mutations

You cannot be hasted, slowed, berserked, paralysed or teleported.
You can dig through walls and to a lower floor.
Your four strong arms can wield two-handed weapons with a shield.
You have a pair of large antennae on your head. (SInv)


Message History

* * * LOW HITPOINT WARNING * * *
The jackal bites you.
* * * LOW HITPOINT WARNING * * *
A jackal comes into view.
You closely miss the jackal.
The jackal is moderately wounded.
You feel sick.
You are no longer poisoned.
The jackal barks!
You hear an angry hiss.
The jackal bites you but does no damage.
You hit the jackal.
The jackal is almost dead.
The jackal bites you but does no damage.
The jackal barely misses you. The jackal bites you.
* * * LOW HITPOINT WARNING * * *
You aren't carrying any potions.
Are you sure you want to shaft yourself?
The jackal bites you.
You die...

#############
#######...#.......#
####.........(.......#
#......h......(.......
#.....@hwh)...<.......
#......####.....##....
............?.#..... .
........#.#...........
........#...........?.#
........#.............#
####.##.#..>...........
.. #.###...........#


You could see a worm and 3 jackals.

Vanquished Creatures
  An adder (D:2)
  An ooze (D:2)
  A dart slug (D:2)
  2 orcs (D:1)
  6 bats
  A giant cockroach (D:2)
  2 goblins (D:2)
  2 hobgoblins (D:1)
  A ball python (D:1)
  2 frilled lizards
  3 kobolds
  2 rats (D:1)
24 creatures vanquished.

Notes
Turn   | Place    | Note
-------+----------+-------------------------------------------
     0 | Abyss:1  | PentaManta the Formicid Abyssal Knight began the quest for
                  | the Orb.
     0 | Abyss:1  | Reached XP level 1. HP: 18/18 MP: 2/2
    46 | Abyss:1  | Noticed a thrashing horror
    49 | D:1      | Escaped the Abyss
   502 | D:1      | Reached skill level 1 in Dodging
   502 | D:1      | Reached XP level 2. HP: 24/24 MP: 3/3
   563 | D:1      | Reached * piety under Lugonu
  1312 | D:2      | Reached XP level 3. HP: 21/30 MP: 4/4
  1982 | D:3      | HP: 1/30 [jackal (2)]
  1984 | D:3      | Slain by a jackal

Illustrated notes

Levels and vault maps discovered:
D:1:      lordsloth_arrival_two_stooges, layout_rooms,
          ebering_dispersal_statue_hall
D:2:      layout_loops_ring, grunt_decor_arrowhead, kennysheep_small_spiral
D:3:      layout_basic, uniq_grinder, uniq_ijyb

Skill      XL: |  1  2  3 |
---------------+----------+-----
Dodging        | 1 |  1.0
Axes           | 3 |  3.2
Fighting       | |  3.7
Armour         | |  2.4
Invocations    | |  2.2

Action                   || total
-------------------------++-------
Melee: Hand axe          ||   103
Invok: Depart the Abyss  ||     1
 Abil: Dig               ||     2
       Shaft Self        ||     1
  Use: Potion            ||     2
Armor: Leather armour    ||    31
Dodge: Dodged            ||    65

Table legend: (Time is in decaauts)
 A = Elapsed time spent in this place.
 B = Non-inter-level travel time spent in this place.
 C = Inter-level travel time spent in this place.
 D = Time resting spent in this place.
 E = Time spent auto-exploring this place.
 F = Levels seen in this place.
 G = Mean time per level.
                   A        B        C        D        E       F      G
               +--------+--------+--------+--------+--------+-----+--------+
         Total |   2001 |   1983 |     18 |    508 |   1162 |   4 |  500.2 |
       Dungeon |   1952 |   1934 |     18 |    508 |   1162 |   3 |  650.7 |
         Abyss |     49 |     49 |      0 |      0 |      0 |   1 |   49.0 |
               +--------+--------+--------+--------+--------+-----+--------+

Top non-repeatable levels by time:
     D:1: 1218 daAuts
     D:2: 721 daAuts
 Abyss:1: 49 daAuts
     D:3: 13 daAuts
